 Dungeon Crawl Stone Soup version 0.26.0-18-gc5c842f807 (webtiles) character file.

Game seed: 16307731819172391975

36 inqbanana the Skirmisher (level 3, -4/60 HPs)
             Began as an Ogre Chaos Knight on Jan 22, 2021.
             Was a Plaything of Xom.
             Slain by a wyvern (7 damage)
             ... on level 1 of the Dungeon.
             The game lasted 00:01:08 (840 turns).

inqbanana the Skirmisher (Ogre Chaos Knight)         Turns: 840, Time: 00:01:08

Health: -4/60      AC: 21    Str: 16    XL:     3   Next: 37%
Magic:  3/3        EV:  1    Int: 13    God:    Xom [......]
Gold:   72         SH:  0    Dex:  9    Spells: 2/2 levels left

rFire    . . .     SeeInvis .   a - +0 mace (chaos)
rCold    . . .     Faith    .   (no shield)
rNeg     + + +     Spirit   .   (armour currently unavailable)
rPois    +         Reflect  .   (helmet currently unavailable)
rElec    .         Harm     .   (cloak currently unavailable)
rCorr    .         Rampage  .   (gloves unavailable)
Will     .....     NoTele   +   (boots unavailable)
Stlth    +.........             (no amulet)
HPRegen  0.20/turn              (no ring)
MPRegen  0.08/turn              (no ring)

@: brilliant, tree-form, very slightly contaminated, invisible
A: large, unfitting armour
a: Renounce Religion


You were on level 1 of the Dungeon.
You worshipped Xom.
You were a very special plaything of Xom.
You were a tree.
You visited 1 branch of the dungeon, and saw 1 of its levels.

You collected 72 gold pieces.

Inventory:

Hand Weapons
 a - a +0 mace of chaos (weapon)
Armour
 b - a +2 robe (melded)
Scrolls
 c - a scroll of random uselessness {unknown}
 d - a scroll of immolation {unknown}
 e - a scroll of enchant armour {unknown}
 g - a scroll of identify {unknown}


   Skills:
 + Level 4.4 Fighting
 * Level 3.2 Maces & Flails
 + Level 0.8 Armour
 + Level 2.4 Dodging


You had 2 spell levels left.
You didn't know any spells.
Your spell library was empty.

Dungeon Overview and Level Annotations

Branches:
Dungeon (1/15)

Altars:


Innate Abilities, Weirdness & Mutations

You are too large for most types of armour.
((You have tough skin. (AC +1)))


Message History

The bat hits you but does no damage. The wyvern bites you.
* * * LOW HITPOINT WARNING * * *
The wyvern barely misses you.
You are very lightly contaminated with residual magic.
It was a potion of lignification.
You turn into a tree.
Your +2 robe melds into your body.
Your roots penetrate the ground.
Xom thinks this is hilarious!
The bat hits you but does no damage.
The wyvern bites you but does no damage.
The bat hits you but does no damage.
You hit the wyvern but do no damage.
The wyvern seems to grow stronger.
The wyvern is heavily wounded.
The bat hits you but does no damage. x2; The wyvern completely misses you.
The wyvern bites you.
* * * LOW HITPOINT WARNING * * *
You hit the wyvern but do no damage.
The wyvern is heavily wounded.
The bat hits you but does no damage. The wyvern bites you!
You die...
Xom roars with laughter!

############..#
#..........#..#
#..........#..#### ###
#................. ...
#................. ..>
#.............### ##...
#.........).....####†.#
#.......b#...........###
#......♣................
#......l......##.####...
#####.....!...###.####..
###..#..#.# ##...###
#.......# ###...#
#.#......## ##...
#..#.#....# ###.
##...........##...
#.........###...#


You could see a wyvern (strong) and a bat (strong).

Vanquished Creatures
  An ooze (D:1)
  2 leopard geckos (D:1)
  A giant cockroach (D:1)
  6 hobgoblins (D:1)
  4 jackals (D:1)
  A kobold (D:1)
  4 bats (D:1)
  4 frilled lizards (D:1)
  A goblin (D:1)
  4 rats (D:1)
28 creatures vanquished.

Notes
Turn   | Place    | Note
-------+----------+-------------------------------------------
     0 | D:1      | inqbanana the Ogre Chaos Knight began the quest for the
                  | Orb.
     0 | D:1      | Reached XP level 1. HP: 24/24 MP: 1/1
    77 | D:1      | Reached XP level 2. HP: 3/32 MP: 2/2
   205 | D:1      | XOM: divination: detect items
   521 | D:1      | Reached XP level 3. HP: 13/40 MP: 3/3
   626 | D:1      | XOM: 9-stop teleportation journey
   831 | D:1      | Noticed a wyvern
   831 | D:1      | a bat changed into a wyvern
   831 | D:1      | XOM: polymorph bat -> wyvern
   832 | D:1      | XOM: noise
   834 | D:1      | XOM: enchant monster (bad)
   837 | D:1      | XOM: potion effect (invisibility)
   839 | D:1      | HP: 2/60 [wyvern (3)]
   840 | D:1      | Slain by a wyvern

Illustrated notes

Levels and vault maps discovered:
D:1:      dpeg_arrival_simpleton_a, layout_rooms, st_stairs_10,
          kennysheep_pointless_box, minmay_octomino_e4

Skill      XL: |  1  2 |
---------------+-------+-----
Maces & Flails | 3 |  3.2
Fighting       | |  4.4
Armour         | |  0.8
Dodging        | |  2.4

Action                   || total
-------------------------++-------
Melee: Mace              ||    89
  Use: Potion            ||     2
Armor: Robe              ||    33
       Skin              ||     6
Dodge: Dodged            ||    66
